 Dungeon Crawl Stone Soup version 0.14.0-20-g75a2fc2 (webtiles) character file.

253151 HungrySpirit the Executioner (level 18, -6/181 HPs)
             Began as a Deep Dwarf Monk on Apr 21, 2014.
             Was the Champion of Makhleb.
             Killed from afar by a blizzard demon (19 damage)
             ... with a bolt of cold
             ... summoned by the player character
             ... on Level 3 of the Vaults.
             The game lasted 02:28:10 (38883 turns).

HungrySpirit the Executioner (Deep Dwarf Monk)     Turns: 38883, Time: 02:28:10

HP  -6/181       AC 36     Str 23      XL: 18   Next: 91%
MP  28/28        EV 11     Int 14      God: Makhleb [******]
Gold 2643        SH 16     Dex 20      Spells:  0 memorised, 17 levels left

rFire  + . .     SeeInvis +     d - +4,+2 war axe (freeze)
rCold  + . .     Clarity  .     N - +2 crystal plate armour
rNeg   + . .     Conserve +     U - +0 buckler "Senas" {rElec rPois Str+1 Int+2}
rPois  +         rCorr    .     X - +1 helmet {SInv}
rElec  +         rRot     .     M - +0 cloak
SustAb . .       Spirit   .     D - -1 pair of gloves
rMut   .         Warding  .     o - +2 pair of boots {Fly}
Saprov . . .     Stasis   .     L - amulet of conservation
MR     ++...                    c - ring of protection from cold
                                l - ring of protection from fire

@: non-regenerating, agile, very resistant to hostile enchantments, extremely
unstealthy
A: damage resistance, recharge devices, life protection 1, sense surroundings 3,
slow healing 3
a: Device Recharging, Minor Destruction, Lesser Servant of Makhleb, Major
Destruction, Greater Servant of Makhleb, Renounce Religion, Evoke Flight
}: 2/15 runes: decaying, serpentine


You were on level 3 of the Vaults.
You worshipped Makhleb.
Makhleb was exalted by your worship.
You were not hungry.

You visited 6 branches of the dungeon, and saw 40 of its levels.
You also visited: Labyrinth, Sewer, Ossuary, Bailey and Ice Cave.

You collected 3858 gold pieces.
You spent 1215 gold pieces at shops.

Inventory:

Hand weapons
 d - a +4,+2 war axe of freezing (weapon)
 A - a +2,+2 hand axe of flaming
 E - a +4,+0 broad axe
Missiles
 a - a throwing net (quivered)
Armour
 o - a +2 pair of boots of flying (worn)
 D - a -1 pair of gloves (worn)
 M - a +0 cloak (worn)
 N - a +2 crystal plate armour (worn)
 Q - the +2 helmet of Mashiz {rPois MR+ Dex-2}
   (You found it on level 1 of the Vaults)

   It affects your dexterity (-2).
   It protects you from poison.
   It affects your resistance to hostile enchantments.
 U - the +0 buckler "Senas" (worn) {rElec rPois Str+1 Int+2}
   (You bought it in a shop on level 12 of the Dungeon)

   It affects your strength (+1).
   It affects your intelligence (+2).
   It insulates you from electricity.
   It protects you from poison.
 X - a +1 helmet of see invisible (worn)
Magical devices
 b - a wand of heal wounds (4)
 B - a wand of disintegration (0)
 C - a wand of digging (9)
 S - a wand of teleportation (4)
Comestibles
 i - 3 meat rations
 x - 13 bread rations
Scrolls
 e - 13 scrolls of remove curse
 f - 7 scrolls of enchant armour
 g - 2 scrolls of identify
 k - 9 scrolls of fear
 m - 5 scrolls of teleportation
 q - a scroll of magic mapping
 t - a scroll of blinking
 v - a scroll of summoning
 H - 7 scrolls of fog
 J - 3 scrolls of enchant weapon I
 P - 3 scrolls of enchant weapon II
 T - a scroll of enchant weapon III
 Y - a scroll of vulnerability
Jewellery
 c - a ring of protection from cold (right hand)
 l - a ring of protection from fire (left hand)
 p - an uncursed ring of teleport control
 w - an uncursed ring of positive energy
 y - an uncursed amulet of resist mutation
 I - an uncursed ring of magical power
 L - an amulet of conservation (around neck)
 O - an uncursed ring of protection from fire
 R - an uncursed amulet of rage {unknown}
Potions
 h - 3 potions of invisibility
 j - 8 potions of curing
 n - a potion of lignification
 r - 2 potions of resistance
 s - 3 potions of restore abilities
 z - 8 potions of flight
 F - a potion of mutation
 G - a potion of haste
 W - 2 potions of berserk rage


   Skills:
 + Level 15.9 Fighting
 - Level 21.1 Axes
   Level 3.0 Maces & Flails
 + Level 18.1 Armour
 - Level 3.2 Dodging
 - Level 2.4 Stealth
 - Level 12.6 Shields
 - Level 3.6 Unarmed Combat
 - Level 9.0 Invocations


You had 17 spell levels left.
You didn't know any spells.

Dungeon Overview and Level Annotations

Branches:
Dungeon (15/15)            Temple (0/1) D:4             Orc (4/4) D:12
    Elf (0/3) Orc:3          Lair (8/8) D:9           Swamp (5/5) Lair:3
  Snake (5/5) Lair:6        Slime (0/6) Lair:6       Vaults (3/5) D:14
  Crypt (0/5) Vaults:3     Depths (0/5) D:15
  Blade: Vaults:3-4

Altars:
Ashenzari
Cheibriados
Dithmenos
Elyvilon
Fedhas
Makhleb
Nemelex Xobeh
Okawaru
Sif Muna
Trog
Xom
Zin
The Shining One
Jiyva

Shops:
D:6 ?   D:8 %   D:12 *%*   Orc:2 ?   Orc:4 **=[   Snake:3 }   Snake:4 *(}
Snake:5 (   Vaults:2 ?

Portals:
Bazaar: Snake:1

Annotations:
Lair:3 exclusion: 2 oklob plants
Snake:5 2 exclusions
Vaults:3 Boris


Innate Abilities, Weirdness & Mutations

You are resistant to damage.
You can recharge devices by infusing magical energy.
You resist negative energy.
You passively map a large area around you.
You do not heal naturally.


Message History

Unknown command.
You slice Boris!!
Boris is almost destroyed.
Boris hits you!
* * * LOW HITPOINT WARNING * * *
Boris barely misses you.
The ogre mage hits you but does no damage.
Unknown command.
Unknown command.
You closely miss Boris.
Boris is almost destroyed.
You slash the blizzard demon!
The blizzard demon is heavily wounded.
Boris conjures a glowing orb.
The wavering orb of destruction weakly hits you!
* * * LOW HITPOINT WARNING * * *
The ogre mage hits you but does no damage.
The blizzard demon gestures at you. The bolt of cold hits you! You resist.
You die...

, * #...8###8... ,
#...##.##...
##########...#.>.....
#........#...##.##...
,
#........'...8###8...
#........)...........
#........#.#.......#.
#..L2)O..#...........
#...@))..############
#........# #........#
##########


You could see Boris (invisible), a blizzard demon and an ogre mage.

Vanquished Creatures
  the Lernaean hydra (Swamp:5)
  Jory (Vaults:2)
  A lich (Vaults:2)
  The ghost of Mygna the Crack Shot, a mighty CeHu of Okawaru (Swamp:5)
  Agnes (Swamp:3)
  A greater naga (Snake:4)
  8 vault wardens
  5 rakshasas
  A stone giant (Vaults:2)
  A deep elf annihilator (Vaults:3)
  A purple draconian (shapeshifter) (D:14)
  An ettin (Vaults:2)
  Snorg (Orc:1)
  A minotaur (Lab)
  4 deep elf death magi
  7 ironheart preservers
  A ravenous item mimic (Snake:3)
  13 hydras
  8 naga warriors
  4 great orbs of eyes
  An ice dragon (Vaults:2)
  5 anacondas
  6 alligators
  2 deep troll earth magi (Vaults:1)
  A death yak (D:12)
  10 ogre magi
  5 naga sharpshooters
  A tengu warrior (D:15)
  Harold (Lair:1)
  9 shock serpents
  8 centaur warriors
  A very ugly thing (Vaults:2)
  3 skeletal warriors (Vaults:2)
  2 deep elf knights
  2 fire crabs
  4 unseen horrors
  3 salamander mystics
  4 deep trolls
  A deep elf summoner (Vaults:3)
  14 swamp dragons
  3 deep elf conjurers
  A wizard (Vaults:3)
  7 hill giants
  9 orc knights
  2 spectral humans
  7 ironbrand convokers
  A necromancer (Vaults:1)
  2 manticores
  6 red wasps
  10 naga ritualists
  4 harpies
  A fire giant zombie (Vaults:1)
  14 mana vipers
  6 wolf spiders
  A manticore (shapeshifter) (Vaults:2)
  6 griffons
  7 cyclopes
  5 orc sorcerers
  9 salamanders
  3 guardian serpents
  A feature mimic (Snake:2)
  35 black mambas
  2 vault sentinels (Vaults:1)
  14 spiny frogs
  An orange demon (Orc:2)
  13 naga magi
  2 gargoyles
  A vapour (Swamp:3)
  9 yaktaurs
  A tengu conjurer (D:15)
  A kobold demonologist (D:14)
  2 efreet
  2 deep elf priests
  A freezing wraith (D:13)
  3 blue devils (IceCv)
  6 giant leeches
  26 two-headed ogres
  2 polar bears (D:10)
  6 giant fireflies
  2 bog bodies (Swamp:1)
  A baby alligator (shapeshifter) (Vaults:1)
  3 komodo dragons
  9 trolls
  10 blink frogs
  A fire vortex (Orc:2)
  13 slime creatures
  6 grizzly bears (D:10)
  7 ravens
  2 thorn lotuses
  A brown ooze (shapeshifter) (D:15)
  3 boulder beetles
  3 basilisks
  2 spriggans (shapeshifter)
  46 ugly things
  2 trapdoor spiders
  5 spriggans
  44 yaks
  2 wraiths
  3 shadows
  2 water elementals (D:12)
  2 deep elf magi
  An elephant slug (Lair:7)
  7 hippogriffs
  2 wyverns
  2 deep elf fighters
  2 hippogriffs (shapeshifter)
  A vampire (Vaults:3)
  A neqoxec (Orc:3)
  Grum (D:12)
  36 vampire mosquitoes
  4 wolves (D:12)
  A steam dragon (D:14)
  A hog (D:10)
  7 wargs
  4 mottled dragons
  Edmund (D:5)
  Menkaure (D:6)
  23 swamp worms
  35 nagas
  41 water moccasins
  14 ice beasts
  7 giant goldfish
  11 porcupines
  14 swamp drakes
  5 phantoms
  22 orc warriors
  5 spiders (Lair:8)
  28 centaurs
  9 sky beasts
  A yellow wasp (shapeshifter) (D:14)
  4 yellow wasps
  2 black bears
  3 human skeletons (Vaults:1)
  A lava worm (Orc:2)
  A manticore skeleton (D:15)
  45 ogres
  A boring beetle (Lair:6)
  Duvessa (D:8)
  13 big kobolds
  A gnoll sergeant (Orc:4)
  4 giant slugs
  Blork the orc (D:5)
  8 crocodiles
  16 giant frogs
  9 insubstantial wisps
  6 water moccasin zombies (Ossuary)
  6 scorpions
  3 wights (D:14)
  2 goliath beetles
  3 troll skeletons
  Dowan (D:8)
  6 crimson imps
  A gnoll shaman (D:4)
  4 jellies
  20 orc priests
  A centaur zombie (D:10)
  A jelly (shapeshifter) (Vaults:1)
  2 two-headed ogre zombies (Vaults:3)
  2 giant frog skeletons
  9 hounds
  2 quasits
  8 iguanas
  2 centaur skeletons (D:6)
  3 elf zombies
  An elf skeleton (D:11)
  A kobold skeleton (D:11)
  9 worker ants
  Natasha (twice) (D:4)
  An iron imp (D:14)
  24 orc wizards
  A boulder beetle simulacrum (Vaults:2)
  2 big kobold zombies
  An ogre zombie (D:11)
  9 sheep
  2 sky beast zombies
  Ijyb (D:2)
  A crocodile skeleton (D:7)
  2 mummies (Ossuary)
  13 gnolls
  A sky beast simulacrum (D:12)
  A steam dragon zombie (D:8)
  A worker ant zombie (D:7)
  29 adders
  70 green rats
  3 shadow imps
  A giant mite (Sewer)
  A goliath beetle zombie (D:12)
  A worm (shapeshifter) (Vaults:3)
  5 ufetubi
  4 white imps
  11 worms
  4 adder zombies
  A giant eyeball (D:12)
  An iguana skeleton (D:6)
  14 giant geckos
  2 oozes (Sewer)
  167 orcs
  10 ball pythons
  A bat zombie (D:8)
  9 giant cockroaches
  14 goblins
  16 hobgoblins
  12 jackals
  29 kobolds
  8 quokkas
  24 bats
  7 giant newts
  A giant spore (D:14)
  A gnoll zombie (Ossuary)
  A goblin zombie (Orc:4)
  8 hobgoblin zombies (Ossuary)
  A jackal skeleton (D:4)
  3 kobold zombies
  10 orc zombies
  18 rats
  5 spectral orcs (Lair:1)
  A ballistomycete (D:14)
  11 fungi
  12 plants
1614 creatures vanquished.

Vanquished Creatures (collateral kills)
  An ettin (Orc:3)
  A hydra (Lair:6)
  An anaconda (Snake:5)
  Nergalle (Lair:1)
  An orc knight (Orc:3)
  A hill giant (D:10)
  A wolf spider (Lair:8)
  3 black mambas
  A guardian serpent (Lair:8)
  A spiny frog (Lair:8)
  2 naga magi (Snake:5)
  A two-headed ogre (Vaults:3)
  A boulder beetle (Lair:8)
  2 yaks (Lair:8)
  3 nagas (Snake:5)
  A water moccasin (Lair:8)
  An orc warrior (Orc:1)
  A spider (Lair:8)
  An ogre (Vaults:3)
  A giant slug (Lair:8)
  A giant frog (Lair:1)
  A worker ant (Lair:8)
  2 spectral orcs (Lair:1)
  9 orcs
  A goblin (Orc:1)
  A quokka (Lair:1)
41 creatures vanquished.

Vanquished Creatures (others)
  An Executioner (Vaults:2)
  A green death (Vaults:3)
  A blizzard demon (Vaults:2)
  A fire dragon (Vaults:1)
  2 naga warriors
  An anaconda (Snake:4)
  A shock serpent (Snake:4)
  A naga sharpshooter (Snake:2)
  A salamander (Snake:3)
  4 black mambas
  A guardian serpent (Snake:1)
  3 orange demons
  3 smoke demons
  2 naga magi (Snake:2)
  2 hellwings
  4 ynoxinuls
  A vampire mosquito (Vaults:3)
  7 neqoxecs
  3 nagas
  A water moccasin (Snake:1)
  A quasit (Lair:8)
  A shadow imp (D:10)
  3 ufetubi
  An orc (Orc:4)
  A ballistomycete (D:14)
  8 fungi
  A plant (Lair:8)
57 creatures vanquished.

Grand Total: 1712 creatures vanquished

Notes
Turn   | Place    | Note
--------------------------------------------------------------
     0 | D:1      | HungrySpirit, the Deep Dwarf Monk, began the quest for the Orb.
     0 | D:1      | Reached XP level 1. HP: 20/20 MP: 1/1
   127 | D:1      | Reached skill level 1 in Maces & Flails
   127 | D:1      | Reached XP level 2. HP: 10/27 MP: 2/2
   609 | D:1      | HP: 1/27 [kobold/mace (3)]
   810 | D:2      | Reached XP level 3. HP: 23/33 MP: 3/3
  1039 | D:2      | Noticed Ijyb
  1099 | D:2      | Killed Ijyb
  1099 | D:2      | Reached skill level 1 in Armour
  1213 | D:2      | Found a burning altar of Makhleb.
  1274 | D:2      | Became a worshipper of Makhleb the Destroyer
  1274 | D:2      | Acquired Makhleb's first power
  1274 | D:2      | Acquired Makhleb's second power
  1676 | D:3      | Found a blossoming altar of Fedhas.
  1682 | D:3      | Reached skill level 1 in Axes
  1707 | D:3      | Reached XP level 4. HP: 12/40 MP: 4/4
  1807 | D:3      | Found a glowing golden altar of the Shining One.
  2165 | D:4      | Noticed Natasha
  2172 | D:4      | Killed Natasha
  2226 | D:4      | Found a sand-covered staircase.
  2253 | D:4      | Reached XP level 5. HP: 14/48 MP: 5/5
  2262 | D:4      | Reached skill level 4 in Axes
  2438 | Ossuary  | Entered an ossuary
  2447 | Ossuary  | Acquired Makhleb's third power
  2503 | Ossuary  | Reached XP level 6. HP: 44/55 MP: 6/6
  2504 | Ossuary  | Reached skill level 5 in Axes
  2618 | Ossuary  | Reached skill level 6 in Axes
  2631 | Ossuary  | Reached XP level 7. HP: 53/61 MP: 7/7
  2759 | D:4      | Reached skill level 7 in Axes
  2826 | D:4      | Acquired Makhleb's fourth power
  3154 | D:4      | Found a staircase to the Ecumenical Temple.
  3155 | D:4      | Noticed Natasha
  3158 | D:4      | Killed Natasha
  3417 | D:5      | Entered Level 5 of the Dungeon
  3435 | D:5      | Found a glowing drain.
  3443 | D:5      | Reached skill level 8 in Axes
  3450 | Sewer    | Entered a sewer
  3575 | Sewer    | Acquired Makhleb's fifth power
  4109 | D:5      | Reached skill level 9 in Axes
  4109 | D:5      | Reached XP level 8. HP: 35/68 MP: 8/8
  4203 | D:5      | Reached skill level 1 in Invocations
  4300 | D:5      | Found an iron altar of Okawaru.
  4379 | D:5      | Noticed Edmund
  4396 | D:5      | Killed Edmund
  4450 | D:5      | Reached skill level 5 in Armour
  4511 | D:5      | Noticed Blork the orc
  4525 | D:5      | Killed Blork the orc
  5082 | D:6      | Found a white marble altar of Elyvilon.
  5327 | D:6      | Gained mutation: You passively map the area around you. [level up]
  5327 | D:6      | Reached XP level 9. HP: 48/79 MP: 16/16
  5335 | D:6      | Found Lashylog's Magic Scroll Shoppe.
  5409 | D:6      | Got a distressingly furry chain mail
  5425 | D:6      | Identified the -13 chain mail of Goam {Dex-1 Int+3 Dam+4} (You found it on level 6 of the Dungeon)
  5507 | D:6      | Noticed Menkaure
  5517 | D:6      | Killed Menkaure
  5523 | D:6      | Reached skill level 5 in Invocations
  5844 | D:7      | Found a bloodstained altar of Trog.
  5953 | D:7      | Found a shadowy altar of Dithmenos.
  6170 | D:7      | Reached skill level 5 in Fighting
  6170 | D:7      | Reached skill level 10 in Axes
  6549 | D:8      | Noticed Duvessa
  6554 | D:8      | Killed Duvessa
  6569 | D:8      | Noticed Dowan
  6588 | D:8      | Killed Dowan
  6654 | D:8      | Found Klaosa's Food Shop.
  6902 | D:8      | Found a sparkling altar of Nemelex Xobeh.
  6948 | D:8      | Reached skill level 11 in Axes
  6963 | D:8      | Reached XP level 10. HP: 91/91 MP: 20/20
  7346 | D:9      | Found a shattered altar of Ashenzari.
  7354 | D:9      | Found a snail-covered altar of Cheibriados.
  7770 | D:9      | Found a deep blue altar of Sif Muna.
  7956 | D:9      | Identified the Reference Book on Excruciating Cold
  8519 | D:9      | Found a staircase to the Lair.
  8653 | Lair:1   | Entered Level 1 of the Lair of Beasts
  8654 | Lair:1   | Noticed Harold
  8850 | Lair:1   | Killed Harold
  8850 | Lair:1   | Reached skill level 12 in Axes
  9141 | Lair:1   | Noticed Nergalle
  9333 | Lair:1   | Killed Nergalle
  9548 | Lair:2   | Noticed a seven-headed hydra
  9810 | Lair:2   | Noticed a four-headed hydra
  9827 | Lair:2   | HP: 3/94 [five-headed hydra (5)]
  9968 | Lair:2   | Reached XP level 11. HP: 43/100 MP: 24/24
 10071 | Lair:2   | Reached skill level 13 in Axes
 10812 | Lair:3   | HP: 3/100 [black mamba (12)]
 10854 | Lair:3   | HP: 5/102 [griffon (1)]
 10860 | Lair:3   | Reached skill level 1 in Shields
 11088 | Lair:3   | Reached skill level 14 in Axes
 11194 | Lair:3   | Found a staircase to the Swamp.
 11246 | Lair:3   | Identified a scroll of acquirement
 12431 | Lair:5   | Found a shimmering altar of Xom.
 12623 | Lair:5   | Reached skill level 15 in Axes
 12958 | Lair:6   | Noticed a four-headed hydra
 12970 | Lair:6   | Killed a four-headed hydra
 12970 | Lair:6   | Reached skill level 5 in Shields
 13084 | Lair:6   | Found a viscous altar of Jiyva.
 13084 | Lair:6   | Found a staircase to the Slime Pits.
 13162 | Lair:6   | Reached XP level 12. HP: 110/110 MP: 25/25
 13203 | Lair:6   | Found a staircase to the Snake Pit.
 14671 | Lair:8   | Entered Level 8 of the Lair of Beasts
 14677 | Lair:8   | Reached skill level 16 in Axes
 15466 | Lair:8   | Got a steaming silver ring
 15491 | Lair:8   | Identified the ring "Paeniga" {Wiz Dex+5} (You found it on level 8 of the Lair of Beasts)
 15576 | Lair:8   | Paralysed by a red wasp for 3 turns
 15581 | Lair:8   | Paralysed by a red wasp for 3 turns
 15588 | Lair:8   | Paralysed by a red wasp for 2 turns
 15677 | Lair:8   | Reached skill level 10 in Shields
 16106 | D:10     | Entered Level 10 of the Dungeon
 16291 | D:10     | Reached XP level 13. HP: 76/117 MP: 26/26
 17124 | D:11     | Found a labyrinth entrance.
 17162 | Lab      | Entered a labyrinth
 17406 | Lab      | Identified a +3 rod of clouds (14/14) (You found it in a labyrinth)
 17931 | D:12     | Found a frozen archway.
 18005 | IceCv    | Entered an ice cave
 18181 | D:12     | Found a staircase to the Orcish Mines.
 18184 | D:12     | Paralysed by a giant eyeball for 3 turns
 18242 | D:12     | Found Mnan Seafoni's Assorted Antiques.
 18245 | D:12     | Bought a dented cameo amulet for 175 gold pieces
 18245 | D:12     | Bought a smoky green potion for 31 gold pieces
 18245 | D:12     | Bought a runed helmet for 157 gold pieces
 18291 | D:12     | Found Cuco's Food Shoppe.
 18659 | D:12     | Found Cuanir's Assorted Antiques.
 18666 | D:12     | Bought a fine buckler for 342 gold pieces
 18666 | D:12     | Bought a scroll labeled CLUAST STRIONIE for 36 gold pieces
 18667 | D:12     | Identified the +0 buckler "Senas" {rElec rPois Str+1 Int+2} (You bought it in a shop on level 12 of the Dungeon)
 18782 | D:12     | Noticed Grum
 18796 | D:12     | Killed Grum
 18880 | Orc:1    | Entered Level 1 of the Orcish Mines
 18969 | Orc:1    | Noticed Snorg
 18997 | Orc:1    | Killed Snorg
 19255 | Orc:1    | Found a flagged portal.
 19310 | Bailey   | Entered a bailey
 19776 | Orc:2    | Found Wouqoum's Magic Scroll Emporium.
 19825 | Orc:2    | Reached skill level 10 in Armour
 20350 | Orc:3    | Found a staircase to the Elven Halls.
 20449 | Orc:3    | Gained mutation: You resist negative energy. [level up]
 20449 | Orc:3    | Reached XP level 14. HP: 82/126 MP: 27/27
 20953 | Orc:4    | Entered Level 4 of the Orcish Mines
 21024 | Orc:3    | Gained mutation: Your body is slowly deteriorating. [a neqoxec]
 21038 | Orc:3    | Gained mutation: Armour fits poorly on your strangely shaped body. [a neqoxec]
 21357 | Lair:3   | Lost mutation: Your body is slowly deteriorating. [potion of cure mutation]
 21358 | Lair:3   | Lost mutation: Armour fits poorly on your strangely shaped body. [potion of cure mutation]
 21722 | Orc:4    | Reached skill level 17 in Axes
 21931 | Orc:4    | Found Pahoasm's Assorted Antiques.
 21932 | Orc:4    | Found Oceane's General Store.
 21969 | Orc:4    | Found Kisod's Armour Shoppe.
 22086 | Orc:4    | Found Muesu's Jewellery Emporium.
 22112 | Orc:4    | Bought an uncursed ring of protection from cold for 325 gold pieces
 23249 | D:12     | Bought a runed war axe for 122 gold pieces
 23430 | D:14     | Found a gate to the Vaults.
 23436 | D:14     | Noticed a ghost moth
 23436 | D:14     | a fire dragon changed into a ghost moth
 23439 | D:14     | a ghost moth changed into an alligator
 23481 | D:14     | Noticed an emperor scorpion
 23481 | D:14     | a green draconian changed into an emperor scorpion
 23485 | D:14     | an emperor scorpion changed into a six-headed hydra
 23496 | D:14     | Noticed a fire giant
 23496 | D:14     | a seven-headed hydra changed into a fire giant
 23505 | D:14     | Noticed a shadow dragon
 23505 | D:14     | a stone giant changed into a shadow dragon
 23507 | D:14     | Noticed a golden dragon
 23507 | D:14     | a shadow dragon changed into a golden dragon
 23701 | D:14     | Reached skill level 18 in Axes
 24309 | D:14     | Found a glowing silver altar of Zin.
 24310 | D:14     | Noticed an angel
 24355 | D:15     | Entered Level 15 of the Dungeon
 24601 | D:15     | Reached XP level 15. HP: 114/138 MP: 27/27
 24677 | D:15     | Reached skill level 10 in Fighting
 25243 | D:15     | Found a staircase to the Depths.
 25623 | Snake:1  | Entered Level 1 of the Snake Pit
 25927 | Snake:1  | Found a gateway to a bazaar.
 26154 | Snake:1  | Reached skill level 19 in Axes
 26950 | Snake:2  | Got a dazzling executioner's axe
 27859 | Snake:3  | Found Umilap's Gadget Emporium.
 28078 | Snake:3  | Reached XP level 16. HP: 111/150 MP: 23/28
 28587 | Snake:3  | Reached skill level 20 in Axes
 28689 | Snake:4  | Found Lusysaux's Assorted Antiques.
 28713 | Snake:4  | Bought a viscous white potion for 27 gold pieces
 28714 | Snake:4  | Paralysed by a potion of paralysis for 2 turns
 28730 | Snake:4  | Found Ghodo's Weapon Emporium.
 28871 | Snake:4  | Found Xaoner's Gadget Shop.
 29375 | Snake:4  | Identified the -1,-1 executioner's axe of Shrix {pain, +Fly MR+ Stlth+} (You acquired it on level 2 of the Snake Pit)
 29415 | Snake:5  | Entered Level 5 of the Snake Pit
 29441 | Snake:5  | Found Breciru's Antique Weapon Shop.
 29520 | Snake:5  | Got a serpentine rune of Zot
 30337 | Swamp:1  | Entered Level 1 of the Swamp
 30728 | Swamp:1  | Reached skill level 21 in Axes
 31624 | Swamp:2  | Reached XP level 17. HP: 162/162 MP: 28/28
 31688 | Swamp:3  | Noticed Mara
 31823 | Swamp:3  | Noticed Agnes
 31865 | Swamp:3  | Killed Agnes
 32271 | Swamp:3  | Noticed HungrySpirit's illusion
 32898 | Swamp:5  | Entered Level 5 of the Swamp
 33470 | Swamp:5  | Noticed Mygna's ghost (mighty CeHu)
 33540 | Swamp:5  | Killed Mygna's ghost
 33540 | Swamp:5  | Reached skill level 15 in Armour
 33555 | Swamp:5  | Got a scintillating marble ring
 33567 | Swamp:5  | Identified the ring "Blytuf" {Str+2 Dam-8 SInv} (You found it on level 5 of the Swamp)
 33736 | Swamp:5  | Noticed the 27-headed Lernaean hydra
 33765 | Swamp:5  | Killed the 17-headed Lernaean hydra
 33947 | Swamp:5  | Got a decaying rune of Zot
 34538 | Vaults:1 | Entered Level 1 of the Vaults
 35436 | Vaults:1 | Got a smoking helmet
 35440 | Vaults:1 | Identified the +2 helmet of Mashiz {rPois MR+ Dex-2} (You found it on level 1 of the Vaults)
 35489 | Vaults:1 | Gained mutation: You passively map a large area around you. [level up]
 35489 | Vaults:1 | Reached XP level 18. HP: 89/176 MP: 28/28
 36000 | Vaults:2 | Noticed Jory
 36152 | Vaults:2 | Killed Jory
 36501 | Vaults:2 | Found Stutea's Magic Scroll Shop.
 36870 | Vaults:2 | Reached skill level 15 in Fighting
 38499 | Vaults:3 | Noticed a Brimstone Fiend
 38831 | Vaults:3 | Found a staircase to the Crypt.
 38856 | Vaults:3 | Noticed Boris
 38883 | Vaults:3 | Killed from afar by a blizzard demon

Action                   |  1- 3 |  4- 6 |  7- 9 | 10-12 | 13-15 | 16-18 || total
-------------------------+-------+-------+-------+-------+-------+-------++-------
Melee: Whip              |   189 |       |       |       |       |       ||   189
       Unarmed           |     9 |       |       |       |       |       ||     9
       War axe           |    19 |   226 |   761 |   402 |     7 |  1750 ||  3165
       Broad axe         |       |       |       |  1120 |  2694 |   750 ||  4564
       Hand axe          |       |       |       |       |       |   207 ||   207
Throw: Throwing net      |       |       |       |       |     1 |       ||     1
Invok: Lesser Servant of |       |       |       |    15 |    16 |       ||    31
       Major Destruction |       |       |       |     3 |     2 |     3 ||     8
       Greater Servant o |       |       |       |     1 |     1 |     6 ||     8
 Abil: Stop Flying       |       |       |       |     1 |       |     1 ||     2
       Device Recharging |       |       |       |       |       |     1 ||     1
Evoke: Wand              |     1 |     2 |    18 |    19 |    13 |    14 ||    67
  Use: Scroll            |       |       |    15 |    22 |    13 |    27 ||    77
       Potion            |       |       |     5 |     9 |     8 |    13 ||    35
 Stab: Sleeping          |     3 |       |       |       |       |       ||     3
       Invisible         |       |       |     4 |       |       |       ||     4
       Distracted        |       |       |       |     5 |       |     2 ||     7
       Confused          |       |       |       |       |       |     2 ||     2
